 Dungeon Crawl Stone Soup version 0.31.0-11-ge490571c62 (webtiles) character file.

Game seed: 11766838996578369904

2155 Sabo the Ducker (level 9, -3/74 HPs)
             Began as a Gnoll Monk on Feb 4, 2024.
             Was a Priest of Qazlal.
             Slain by an orc priest
             ... wielding a +0 trident
              (4 damage)
             ... on level 7 of the Dungeon.
             The game lasted 00:39:06 (6943 turns).

Sabo the Ducker (Gnoll Monk)                        Turns: 6943, Time: 00:39:07

Health: -3/74      AC: 26    Str: 16    XL:     9   Next: 31%
Magic:  15/15      EV:  6    Int:  9    God:    Qazlal [***...]
Gold:   395        SH:  4    Dex: 10    Spells: 16/16 levels left

rFire   x . .        i - +1 flail (protect)
rCold   . . .        d - orb {light}
rNeg    + + +        B - +0 plate armour
rPois   .            v - +0 helmet
rElec   .            r - +2 cloak
rCorr   .            s - +2 pair of gloves
SInv    .            (no boots)
Will    .....        E - amulet of Jiotul {Fly rF- rN+++ Regen+ Dex-4} Stlth
                     b - ring of positive energy
HPRegen 1.12/turn    q - ring of flight
MPRegen 0.14/turn

%: no passive effects
@: under a protective aura, flying, glowing
A: fangs 1, strong nose, distributed training
a: Renounce Religion, Upheaval, Elemental Force


You were on level 7 of the Dungeon.
You worshipped Qazlal.
Qazlal was most pleased with you.
You visited 1 branch of the dungeon, and saw 7 of its levels.
You also visited: Sewer.

You collected 395 gold pieces.

Inventory:

Hand Weapons
 a - a +0 hand axe
 g - a +0 morningstar
 i - a +1 flail of protection (weapon)
 I - the +5 dagger of Feral Responsibility {heavy, rPois Int+9 Dex-5 Stlth+}
   (You found it on level 6 of the Dungeon)

   Int+9:     It affects your intelligence (+9).
   Dex-5:     It affects your dexterity (-5).
   rPois:     It protects you from poison Stlth+: It makes you more stealthy.
Missiles
 f - 5 boomerangs (quivered)
 n - 2 javelins
 y - 6 poisoned darts
Armour
 d - an orb of light (worn)
 r - a +2 cloak (worn)
 s - a +2 pair of gloves (worn)
 v - a +0 helmet (worn)
 B - a +0 plate armour (worn)
Jewellery
 b - a ring of positive energy (left hand)
 l - a +6 ring of intelligence
 q - a ring of flight (right hand)
 u - a ring of fire
 E - the amulet of Jiotul (around neck) {Fly rF- rN+++ Regen+ Dex-4}
   (You acquired it on level 6 of the Dungeon)

   [amulet of regeneration]

   Dex-4:     It affects your dexterity (-4).
   rF-:       It makes you vulnerable to fire.
   rN+++:     It renders you almost immune to negative energy.
   Fly:       It grants you flight.
   Regen+:    It increases your rate of health regeneration.
Talismans
 k - a blade talisman
Wands
 w - a wand of paralysis (12)
Scrolls
 j - 2 scrolls of poison
 o - 2 scrolls of blinking
 p - 3 scrolls of fog
 D - 2 scrolls of revelation
 F - 2 scrolls of immolation
 G - a scroll of enchant armour {unknown}
Potions
 c - a potion of ambrosia
 e - a potion of lignification {unknown}
 h - 3 potions of cancellation
 m - a potion of heal wounds {unknown}
 t - 3 potions of resistance {unknown}
 x - a potion of degeneration {unknown}
 z - 2 potions of berserk rage {unknown}
 A - a potion of invisibility {unknown}
 C - 2 potions of curing


   Skills:
 + Level 7.9 Fighting
 + Level 4.3 Short Blades
 + Level 4.3 Long Blades
 + Level 7.9 Axes
 + Level 4.3 Maces & Flails
 + Level 4.3 Polearms
 + Level 4.3 Staves
 + Level 4.3 Ranged Weapons
 + Level 4.3 Throwing
 + Level 4.3 Armour
 + Level 7.9 Dodging
 + Level 4.3 Stealth
 + Level 4.3 Shields
 + Level 4.3 Unarmed Combat
 + Level 4.3 Spellcasting
 + Level 3.5 Conjurations
 + Level 3.5 Hexes
 + Level 3.5 Summonings
 + Level 3.5 Necromancy
 + Level 3.5 Translocations
 + Level 3.5 Fire Magic
 + Level 3.5 Ice Magic
 + Level 3.5 Air Magic
 + Level 3.5 Earth Magic
 + Level 3.5 Alchemy
 + Level 4.7 Invocations
 + Level 4.3 Evocations
 + Level 3.9 Shapeshifting


You had 16 spell levels left.
You didn't know any spells.
Your spell library contained the following spells:

 Spells                   Type           Power      Damage    Failure   Level
 Freeze                   Ice            32%        1d5       98%         1
 Kiss of Death            Conj/Necr      32%        2d7       98%         1
 Magic Dart               Conj           32%        1d4       98%         1
 Confusing Touch          Hex            8%         N/A       100%        3
 Frozen Ramparts          Ice            16%        1d3       100%        3
 Hailstorm                Conj/Ice       8%         3d5       100%        3
 Tukima's Dance           Hex            8%         N/A       100%        3
 Dimensional Bullseye     Hex/Tloc       4%         N/A       100%        4
 Dispel Undead            Necr           8%         3d8       100%        4
 Iskenderun's Mystic Bla  Conj/Tloc      8%         2d4       100%        4
 Summon Blazeheart Golem  Fire/Summ      8%         N/A       100%        4
 Orb of Destruction       Conj           4%         9d5       100%        7
 Spellforged Servitor     Conj/Summ      4%         N/A       100%        7


Dungeon Overview and Level Annotations

Branches:
Dungeon (7/15)             Temple (0/1) D:7           Sewer (visited)

Altars:
Ashenzari
Cheibriados
Elyvilon
Okawaru
Qazlal
Ru
Vehumet

Shops:
D:3 [


Innate Abilities, Weirdness & Mutations

You have very sharp teeth.
Your uncanny sense of smell can sniff out nearby items.
Your experience applies equally to all skills.


Message History

The magic dart hits you but does no damage.
The orc priest closely misses you.
You hit the wight.
The wight is severely damaged.
The orc warrior hits you from afar with a +0 glaive!
* * * LOW HITPOINT WARNING * * *
The wight hits you with a +2 mace.
* * * LOW HITPOINT WARNING * * *
The wight hits you with a +4 hand axe.
* * * LOW HITPOINT WARNING * * *
The orc priest hits you but does no damage.
You sock the wight!
You destroy the wight!
Qazlal accepts your kill.
The orc warrior hits you from afar with a +0 glaive!
* * * LOW HITPOINT WARNING * * *
The wight hits you with a +4 hand axe.
* * * LOW HITPOINT WARNING * * *
The orc wizard casts a spell at you. The puff of flame misses you.
The orc priest hits you but does no damage.
You feel better.
The orc warrior hits you but does no damage.
The wight barely misses you.
The orc priest looks satisfied for a moment.
You barely miss the wight.
The wight is heavily damaged.
The orc warrior hits you from afar with a +0 glaive!
* * * LOW HITPOINT WARNING * * *
The wight hits you but does no damage. x2; The orc priest barely misses you.
You hit the wight but do no damage. Your bite misses the wight.
The orc warrior hits you but does no damage.
The wight hits you but does no damage. The wight hits you with a +4 hand axe.
* * * LOW HITPOINT WARNING * * *
The orc priest hits you but does no damage.
The orc warrior hits you from afar with a +0 glaive.
* * * LOW HITPOINT WARNING * * *
The wight barely misses you.
The orc priest hits you from afar with a +0 trident.
You die...

#....... ............. # .#####
............... ..
#.#...#.#...... #.
............... ..
.............<. .. ...<..ooz.....
.. #....#z#o.### .. #....)@zo...#
.. ##..##)#..#.# .[. .. #. #.# .#
#.#........ #..
#.#..#.#.#........
####..##.#..#.#.#..#.##.. .##
.........#...............
......#####...#............#..#..
.).......#.................#..#..
...⌠..##.#....#....>.............


You could see an orc warrior, 3 wights, an orc priest, an orc wizard (invisible)
and an orc.

Vanquished Creatures
  The ghost of Rem the Apothecary, an amateur DrAl (D:4)
  Menkaure (D:7)
  Edmund (D:4)
  A water moccasin (D:7)
  A black bear (D:6)
  3 ice beasts
  A sky beast (D:6)
  2 ogres
  2 bullfrogs (Sewer)
  2 scorpions (D:5)
  2 wights (D:7)
  A wyvern skeleton (D:4)
  5 bombardier beetles
  A jelly (D:5)
  A bullfrog skeleton (D:4)
  A gnoll bouda (D:5)
  2 hounds
  2 orc wizards (D:6)
  A sleepcap (D:5)
  9 gnolls
  9 adders
  A white imp (D:5)
  4 ribbon worms
  14 dart slugs
  17 orcs
  8 ball pythons
  5 endoplasms
  7 giant cockroaches
  10 hobgoblins
  3 jackals (D:2)
  8 quokkas
  5 bats
  12 frilled lizards
  5 goblins
  10 kobolds
  10 rats
168 creatures vanquished.

Notes
Turn   | Place    | Note
-------+----------+-------------------------------------------
     0 | D:1      | Sabo the Gnoll Monk began the quest for the Orb.
     0 | D:1      | Reached XP level 1. HP: 23/23 MP: 1/1
   172 | D:1      | Reached XP level 2. HP: 23/29 MP: 2/2
   614 | D:1      | Reached XP level 3. HP: 35/35 MP: 3/3
  1005 | D:2      | Reached skill level 1 in Invocations
  1148 | D:2      | Found a white marble altar of Elyvilon.
  1305 | D:2      | Reached skill level 1 in Short Blades
  1305 | D:2      | Reached skill level 1 in Long Blades
  1305 | D:2      | Reached skill level 1 in Maces & Flails
  1305 | D:2      | Reached skill level 1 in Polearms
  1305 | D:2      | Reached skill level 1 in Staves
  1305 | D:2      | Reached skill level 1 in Ranged Weapons
  1305 | D:2      | Reached skill level 1 in Throwing
  1305 | D:2      | Reached skill level 1 in Armour
  1305 | D:2      | Reached skill level 1 in Stealth
  1305 | D:2      | Reached skill level 1 in Shields
  1305 | D:2      | Reached skill level 1 in Unarmed Combat
  1305 | D:2      | Reached skill level 1 in Spellcasting
  1305 | D:2      | Reached skill level 1 in Evocations
  1511 | D:2      | Reached skill level 1 in Shapeshifting
  1511 | D:2      | Reached XP level 4. HP: 41/41 MP: 5/5
  1896 | D:2      | Reached skill level 1 in Conjurations
  1896 | D:2      | Reached skill level 1 in Hexes
  1896 | D:2      | Reached skill level 1 in Summonings
  1896 | D:2      | Reached skill level 1 in Necromancy
  1896 | D:2      | Reached skill level 1 in Translocations
  1896 | D:2      | Reached skill level 1 in Fire Magic
  1896 | D:2      | Reached skill level 1 in Ice Magic
  1896 | D:2      | Reached skill level 1 in Air Magic
  1896 | D:2      | Reached skill level 1 in Earth Magic
  1896 | D:2      | Reached skill level 1 in Alchemy
  2042 | D:3      | Found an iron altar of Okawaru.
  2609 | D:3      | Found Voosozets's Antique Armour Shop.
  2789 | D:4      | Reached XP level 5. HP: 39/47 MP: 5/7
  2793 | D:4      | Noticed Edmund
  2807 | D:4      | Killed Edmund
  2808 | D:4      | Reached XP level 6. HP: 29/53 MP: 8/8
  2838 | D:4      | Found a snail-covered altar of Cheibriados.
  2950 | D:4      | Found a glowing drain.
  2989 | Sewer    | Entered a sewer
  3238 | Sewer    | Reached XP level 7. HP: 50/60 MP: 10/10
  3592 | D:4      | Found a stormy altar of Qazlal.
  3707 | D:4      | Became a worshipper of Qazlal Stormbringer
  3707 | D:4      | Reached * piety under Qazlal
  3707 | D:4      | Reached ** piety under Qazlal
  4020 | D:4      | Found a runed translucent gate.
  4021 | D:4      | Found a runed translucent gate.
  4022 | D:4      | Found a runed translucent gate.
  4024 | D:4      | Noticed Rem's ghost (amateur DrAl)
  4050 | D:4      | Killed Rem's ghost
  4064 | D:4      | Reached XP level 8. HP: 31/67 MP: 12/12
  4357 | D:5      | Entered Level 5 of the Dungeon
  4433 | D:5      | Found a sacrificial altar of Ru.
  4463 | D:5      | Found a broken altar of Ashenzari.
  5254 | D:5      | Found a radiant altar of Vehumet.
  5527 | D:6      | Got Vehumet's Book of Arcane Combat
  5603 | D:6      | Identified the +5 dagger of Feral Responsibility {heavy,
                  | rPois Int+9 Dex-5 Stlth+}
  5928 | D:6      | Reached *** piety under Qazlal
  5983 | D:6      | Reached XP level 9. HP: 72/73 MP: 13/15
  6311 | D:6      | Identified a scroll of acquirement
  6311 | D:6      | Acquired the amulet of Jiotul {Fly rF- rN+++ Regen+ Dex-4}
  6755 | D:7      | Noticed Menkaure
  6769 | D:7      | Killed Menkaure
  6897 | D:7      | Found a staircase to the Ecumenical Temple.
  6943 | D:7      | HP: 2/74 [wight/+4 hand axe (4)]
  6943 | D:7      | Slain by an orc priest

Illustrated notes

Levels and vault maps discovered:
D:1:      lightli_arrival_lavapool, layout_loops_corners
D:2:      layout_loops_ring, basic_altar
D:3:      layout_loops_cross, mainiacjoe_overflow_paths, serial_shops,
          nicolae_shop_tiny_waterfront
D:4:      layout_loops_ring, mainiacjoe_overflow_brackets,
          grunt_qazlal_sundering, cheibrodos_sewer_entry_drain,
          gammafunk_ghost_necromancy, uniq_edmund
D:5:      layout_basic, mainiacjoe_overflow_surrounded_room,
          mainiacjoe_overflow_large_starburst
D:6:      black_bear_nest_1, layout_loops_ring
D:7:      layout_basic, minmay_temple_entry_large_hall, kennysheep_small_spiral,
          uniq_menkaure

Skill      XL: |  1  2  3  4  5  6  7  8 |
---------------+-------------------------+-----
Invocations    | 1 2 3 4 |  4.7
Short Blades   | 1 2 3 4 |  4.3
Long Blades    | 1 2 3 4 |  4.3
Maces & Flails | 1 2 3 4 |  4.3
Polearms       | 1 2 3 4 |  4.3
Staves         | 1 2 3 4 |  4.3
Ranged Weapons | 1 2 3 4 |  4.3
Throwing       | 1 2 3 4 |  4.3
Armour         | 1 2 3 4 |  4.3
Stealth        | 1 2 3 4 |  4.3
Shields        | 1 2 3 4 |  4.3
Unarmed Combat | 1 2 3 4 |  4.3
Spellcasting   | 1 2 3 4 |  4.3
Evocations     | 1 2 3 4 |  4.3
Shapeshifting  | 1 2 3 |  3.9
Conjurations   | 1 2 3 |  3.5
Hexes          | 1 2 3 |  3.5
Summonings     | 1 2 3 |  3.5
Necromancy     | 1 2 3 |  3.5
Translocations | 1 2 3 |  3.5
Fire Magic     | 1 2 3 |  3.5
Ice Magic      | 1 2 3 |  3.5
Air Magic      | 1 2 3 |  3.5
Earth Magic    | 1 2 3 |  3.5
Alchemy        | 1 2 3 |  3.5
Fighting       | 7 |  7.9
Axes           | 7 |  7.9
Dodging        | 7 |  7.9

Action                     |  1- 3 |  4- 6 |  7- 9 || total
---------------------------+-------+-------+-------++-------
  Melee: Hand axe          |   111 |    23 |       ||   134
         Bite              |    14 |    37 |    39 ||    90
         Morningstar       |       |    43 |       ||    43
         Flail             |       |   101 |   257 ||   358
    Use: Scroll            |       |     4 |     5 ||     9
         Potion            |       |       |     3 ||     3
 Armour: Robe              |    22 |       |       ||    22
         Scale mail        |    35 |    18 |       ||    53
         Chain mail        |       |    56 |       ||    56
         Plate armour      |       |   160 |   339 ||   499
  Dodge: Dodged            |    67 |   102 |    84 ||   253
